TOP OF THE 1ST |
Indianapolis HS Chaos batting - Pitching for Buchanan HS : RHP Mark Cox
|
Pitching: RHP Mark Cox
|
|
Batting: RHB Johnny Becker
|
0-0: Ball 1-0: Ball 2-0: Called Strike 2-1: Ball 3-1: Swinging Strike 3-2: Foul Ball, location: 2F 3-2: Base on Balls
|
Batting: RHB Jesús Lima
|
0-0: Ball 1-0: Called Strike 1-1: Ball Wild Pitch! Johnny Becker to second 2-1: Foul Ball, location: 2F 2-2: Foul Ball, location: 2F 2-2: Ball 3-2: SINGLE (Line Drive, 56D) Johnny Becker to third
|
Batting: RHB Curt David
|
0-0: Ball 1-0: Ball 2-0: Swinging Strike 2-1: Ball 3-1: Base on Balls Jesús Lima to second
|
Batting: RHB Patrice Charette
|
0-0: Swinging Strike 0-1: Ball 1-1: Swinging Strike 1-2: Strikes out looking
|
Batting: SHB Mark Hendree
|
0-0: Fly out, F8 (Flyball, 8LXD) Runner from 3rd tags up, SCORES, no throw
|
Batting: RHB Zander von Strantz
|
0-0: Ground out 5-3 (Groundball, 5S)
|
Top of the 1st over - 1 run(s), 1 hit(s), 0 error(s), 2 left on base; Indianapolis HS 1 - Buchanan HS 0 |
BOTTOM OF THE 1ST |
Buchanan HS batting - Pitching for Indianapolis HS Chaos : LHP Steve Turkington
|
Pitching: LHP Steve Turkington
|
|
Batting: SHB Ken Gibson
|
0-0: Ball 1-0: Ball 2-0: Fly out, F8 (Flyball, 89S)
|
Batting: RHB Dave Sawyer
|
0-0: Ball 1-0: Fly out, F8 (Flyball, 8RS)
|
Batting: RHB Ken Miller
|
0-0: Called Strike 0-1: Swinging Strike 0-2: Ball 1-2: Ball 2-2: SINGLE (Line Drive, 9S)
|
Batting: RHB Jason Stover
|
0-0: SINGLE (Line Drive, 5L) Ken Miller to second
|
Batting: RHB Ryan Lyon
|
0-0: Ball 1-0: Ball Wild Pitch! Ken Miller to third Jason Stover to second 2-0: Foul Ball, location: 2F 2-1: Foul Ball, location: 2F 2-2: Ball 3-2: DOUBLE (Flyball, 89M) Ken Miller scores Jason Stover scores
|
Batting: RHB Allen Miller
|
0-0: Swinging Strike 0-1: Ball 1-1: Foul Ball, location: 2F 1-2: Ball 2-2: Foul Ball, location: 2F Balk! Ryan Lyon to third 2-2: Strikes out swinging
|
Bottom of the 1st over - 2 run(s), 3 hit(s), 0 error(s), 1 left on base; Indianapolis HS 1 - Buchanan HS 2 |
TOP OF THE 2ND |
Indianapolis HS Chaos batting - Pitching for Buchanan HS : RHP Mark Cox
|
Batting: RHB Robert Blanchard
|
0-0: Ball 1-0: Reaches on Catchers interference
|
Batting: LHB Robert Lucas
|
0-0: Ball 1-0: Swinging Strike 1-1: Called Strike 1-2: Strikes out swinging
|
Batting: LHB Kyle Robbins
|
0-0: Ground out 4-3 (Groundball, 4M) Robert Blanchard to second
|
Batting: RHB Johnny Becker
|
0-0: Called Strike 0-1: Ball 1-1: Called Strike 1-2: Ball 2-2: SINGLE (Flyball, 89M) Robert Blanchard to third Runner from 3rd tries for Home, SAFE, no throw or cutoff
|
Batting: RHB Jesús Lima
|
0-0: Called Strike 0-1: SINGLE (Groundball, 56) Johnny Becker to second
|
Batting: RHB Curt David
|
0-0: Ball 1-0: Foul Ball, location: 2F 1-1: Fly out, F9 (Flyball, 9LS)
|
Top of the 2nd over - 1 run(s), 2 hit(s), 1 error(s), 2 left on base; Indianapolis HS 2 - Buchanan HS 2 |
BOTTOM OF THE 2ND |
Buchanan HS batting - Pitching for Indianapolis HS Chaos : LHP Steve Turkington
|
Batting: RHB Eugene Logan
|
0-0: SINGLE (Groundball, 56D)
|
Batting: RHB Michael Elliott
|
0-0: Foul Ball, location: 2F 0-1: Foul Ball, location: 2F 0-2: Foul Ball, location: 2F 0-2: Fly out, F8 (Flyball, 89S)
|
Batting: RHB Ernie Ross
|
0-0: Called Strike 0-1: Ball 1-1: Reached on error, E6 (Groundball, 6) Eugene Logan to second
|
Batting: SHB Ken Gibson
|
0-0: Ball 1-0: Ball 2-0: Ball 3-0: Base on Balls Eugene Logan to third Ernie Ross to second
|
Batting: RHB Dave Sawyer
|
0-0: Fly out, F9 (Flyball, 9M)
|
Batting: RHB Ken Miller
|
0-0: Swinging Strike 0-1: Ball 1-1: Ball 2-1: Ground out 1-3 (Groundball, 23)
|
Bottom of the 2nd over - 0 run(s), 1 hit(s), 1 error(s), 3 left on base; Indianapolis HS 2 - Buchanan HS 2 |
TOP OF THE 3RD |
Indianapolis HS Chaos batting - Pitching for Buchanan HS : RHP Mark Cox
|
Batting: RHB Patrice Charette
|
0-0: Foul Ball, location: 2F 0-1: Fly out, F9 (Flyball, 9S)
|
Batting: SHB Mark Hendree
|
0-0: Ball 1-0: Foul Ball, location: 2F 1-1: Fly out, F5 (Line Drive, 56S)
|
Batting: RHB Zander von Strantz
|
0-0: Ball 1-0: Ball 2-0: Ball 3-0: Called Strike 3-1: Swinging Strike 3-2: Fly out, F4 (Line Drive, 4M)
|
Top of the 3rd over - 0 run(s), 0 hit(s), 0 error(s), 0 left on base; Indianapolis HS 2 - Buchanan HS 2 |
BOTTOM OF THE 3RD |
Buchanan HS batting - Pitching for Indianapolis HS Chaos : LHP Steve Turkington
|
Batting: RHB Jason Stover
|
0-0: Ball 1-0: Hit by Pitch
|
Batting: RHB Ryan Lyon
|
0-0: Foul Ball, location: 2F 0-1: Foul Ball, location: 2F 0-2: Foul Ball, location: 2F 0-2: Foul Ball, location: 2F 0-2: Foul Ball, location: 2F 0-2: Ball 1-2: Ball 2-2: Grounds into double play, U6-3 (Groundball, 6)
|
Batting: RHB Allen Miller
|
0-0: Ground out 5-3 (Groundball, 56)
|
Bottom of the 3rd over - 0 run(s), 0 hit(s), 0 error(s), 0 left on base; Indianapolis HS 2 - Buchanan HS 2 |
TOP OF THE 4TH |
Indianapolis HS Chaos batting - Pitching for Buchanan HS : RHP Mark Cox
|
Batting: RHB Robert Blanchard
|
0-0: Ball 1-0: Called Strike 1-1: Swinging Strike 1-2: Ball 2-2: Strikes out swinging
|
Batting: LHB Robert Lucas
|
0-0: Called Strike 0-1: Ball 1-1: Ball 2-1: Foul Ball, location: 2F 2-2: Ball 3-2: Hit by Pitch
|
Batting: LHB Kyle Robbins
|
0-0: Fielders Choice at 2nd, 4-6 (Groundball, 4M)
|
Batting: RHB Johnny Becker
|
0-0: Ball 1-0: Called Strike Kyle Robbins steals 2nd base 1-1: Ball 2-1: Called Strike 2-2: Foul Ball, location: 2F 2-2: Foul Ball, location: 2F 2-2: Ball 3-2: Foul Ball, location: 2F 3-2: Base on Balls
|
Batting: RHB Jesús Lima
|
0-0: Hit by Pitch Kyle Robbins to third Johnny Becker to second
|
Batting: RHB Curt David
|
0-0: Called Strike 0-1: Swinging Strike 0-2: Ball 1-2: Strikes out looking
|
Top of the 4th over - 0 run(s), 0 hit(s), 0 error(s), 3 left on base; Indianapolis HS 2 - Buchanan HS 2 |
BOTTOM OF THE 4TH |
Buchanan HS batting - Pitching for Indianapolis HS Chaos : LHP Steve Turkington
|
Batting: RHB Eugene Logan
|
0-0: SINGLE (Groundball, 4MD)
|
Batting: RHB Michael Elliott
|
0-0: Ball 1-0: Swinging Strike 1-1: Ball 2-1: Fly out, F8 (Popup, 8LS)
|
Batting: RHB Ernie Ross
|
0-0: Foul Ball, location: 2F 0-1: Ball 1-1: Ball 2-1: Foul Ball, location: 2F 2-2: Strikes out swinging
|
Batting: SHB Ken Gibson
|
0-0: TRIPLE (Flyball, 8LXD) Eugene Logan scores
|
Batting: RHB Dave Sawyer
|
0-0: Ground out 6-3 (Groundball, 6MS)
|
Bottom of the 4th over - 1 run(s), 2 hit(s), 0 error(s), 1 left on base; Indianapolis HS 2 - Buchanan HS 3 |
TOP OF THE 5TH |
Indianapolis HS Chaos batting - Pitching for Buchanan HS : RHP Mark Cox
|
Batting: RHB Patrice Charette
|
0-0: Ball 1-0: Called Strike 1-1: Hit by Pitch
|
Pitching: LHP Gustavo Sánchez
|
|
Batting: SHB Mark Hendree
|
0-0: Ball 1-0: Called Strike 1-1: Swinging Strike 1-2: Foul Ball, location: 2F 1-2: Strikes out swinging
|
Batting: RHB Zander von Strantz
|
0-0: Foul Ball, location: 2F 0-1: Ball 1-1: Reached on error, E3 (Groundball, 3) Patrice Charette to second
|
Batting: RHB Robert Blanchard
|
0-0: Called Strike 0-1: Swinging Strike 0-2: Strikes out swinging
|
Batting: LHB Robert Lucas
|
0-0: Ball 1-0: Foul Ball, location: 2F 1-1: Foul Ball, location: 2F 1-2: Foul Ball, location: 2F 1-2: Ball 2-2: Foul Ball, location: 2F 2-2: Ball 3-2: Foul Ball, location: 2F 3-2: Strikes out looking
|
Top of the 5th over - 0 run(s), 0 hit(s), 1 error(s), 2 left on base; Indianapolis HS 2 - Buchanan HS 3 |
BOTTOM OF THE 5TH |
Buchanan HS batting - Pitching for Indianapolis HS Chaos : LHP Steve Turkington
|
Batting: RHB Ken Miller
|
0-0: Ball 1-0: Foul Ball, location: 2F 1-1: Called Strike 1-2: Ball 2-2: Foul Ball, location: 2F 2-2: Foul Ball, location: 2F 2-2: Ball 3-2: DOUBLE (Line Drive, 6D)
|
Batting: RHB Jason Stover
|
0-0: Called Strike 0-1: Ball 1-1: Ball 2-1: Foul Ball, location: 2F 2-2: 2-RUN HOME RUN (Line Drive, 7D), Distance : 376 ft
|
Batting: RHB Ryan Lyon
|
0-0: Foul Ball, location: 2F 0-1: Ball 1-1: Reached on error, E6 (Groundball, 6)
|
Batting: RHB Allen Miller
|
0-0: Ball 1-0: Ball 2-0: SINGLE (Line Drive, 7LS) Ryan Lyon to second
|
Pitching: RHP David Chapman
|
|
Batting: RHB Eugene Logan
|
0-0: Swinging Strike 0-1: Ball 1-1: Ball 2-1: Called Strike 2-2: Ball 3-2: Strikes out swinging
|
Batting: RHB Michael Elliott
|
0-0: Ball 1-0: Ball 2-0: Ball 3-0: Base on Balls Ryan Lyon to third Allen Miller to second
|
Batting: RHB Ernie Ross
|
0-0: Ball 1-0: Swinging Strike 1-1: Ball 2-1: Ball 3-1: Base on Balls Ryan Lyon scores Allen Miller to third Michael Elliott to second
|
Batting: SHB Ken Gibson
|
0-0: Called Strike 0-1: Foul Ball, location: 2F 0-2: Fly out, F9 (Flyball, 9M) Runner from 3rd tags up, SCORES, no throw
|
Batting: RHB Dave Sawyer
|
0-0: Called Strike 0-1: SINGLE (Groundball, 4MD) Michael Elliott to third Ernie Ross to second Runner from 3rd tries for Home, SAFE, no throw or cutoff
|
Batting: RHB Ken Miller
|
0-0: Called Strike 0-1: Called Strike 0-2: Foul Ball, location: 2F 0-2: Ball 1-2: Strikes out looking
|
Bottom of the 5th over - 5 run(s), 4 hit(s), 1 error(s), 2 left on base; Indianapolis HS 2 - Buchanan HS 8 |
TOP OF THE 6TH |
Indianapolis HS Chaos batting - Pitching for Buchanan HS : LHP Gustavo Sánchez
|
Batting: LHB Kyle Robbins
|
0-0: Ball 1-0: Ball 2-0: Ground out 4-3 (Groundball, 4M)
|
Batting: RHB Johnny Becker
|
0-0: Swinging Strike 0-1: Foul Ball, location: 2F 0-2: Foul Ball, location: 2F 0-2: Foul Ball, location: 2F 0-2: Ball 1-2: DOUBLE (Line Drive, 5L)
|
Batting: RHB Jesús Lima
|
0-0: Ball 1-0: Ball 2-0: Called Strike 2-1: Ball 3-1: Base on Balls
|
Batting: RHB Curt David
|
0-0: Called Strike 0-1: Foul Ball, location: 2F 0-2: Strikes out swinging
|
Batting: RHB Patrice Charette
|
0-0: Fly out, F7 (Flyball, 7M)
|
Top of the 6th over - 0 run(s), 1 hit(s), 0 error(s), 2 left on base; Indianapolis HS 2 - Buchanan HS 8 |
BOTTOM OF THE 6TH |
Buchanan HS batting - Pitching for Indianapolis HS Chaos : RHP David Chapman
|
Batting: RHB Jason Stover
|
0-0: Called Strike 0-1: Foul Ball, location: 2F 0-2: Ball 1-2: SINGLE (Line Drive, 4D)
|
Batting: RHB Ryan Lyon
|
0-0: Ball 1-0: Ball 2-0: Ball 3-0: Called Strike 3-1: SINGLE (Groundball, 6M) Jason Stover to second
|
Batting: RHB Allen Miller
|
0-0: Ball 1-0: Ball 2-0: Ball 3-0: Base on Balls Jason Stover to third Ryan Lyon to second
|
Batting: RHB Eugene Logan
|
0-0: Called Strike 0-1: Ball 1-1: Foul Ball, location: 2F 1-2: Strikes out looking
|
Batting: RHB Michael Elliott
|
0-0: Called Strike 0-1: Ball 1-1: Ball 2-1: Called Strike 2-2: Ball 3-2: Fly out, F8 (Line Drive, 8LD) Runner from 3rd tags up, SCORES, no throw
|
Batting: RHB Ernie Ross
|
0-0: Ball 1-0: Ball 2-0: Ground out 5-3 (Groundball, 5S)
|
Bottom of the 6th over - 1 run(s), 2 hit(s), 0 error(s), 2 left on base; Indianapolis HS 2 - Buchanan HS 9 |
TOP OF THE 7TH |
Indianapolis HS Chaos batting - Pitching for Buchanan HS : LHP Gustavo Sánchez
|
Pitching: LHP Paul Hart
|
|
Batting: SHB Mark Hendree
|
0-0: SINGLE (Line Drive, 6MD)
|
Batting: RHB Zander von Strantz
|
0-0: Foul Ball, location: 2F 0-1: Foul Ball, location: 2F 0-2: Foul Ball, location: 2F 0-2: Strikes out swinging
|
Batting: RHB Robert Blanchard
|
0-0: Ball 1-0: Foul Ball, location: 2F 1-1: Swinging Strike 1-2: SINGLE (Groundball, 56) Mark Hendree to second
|
Batting: LHB Robert Lucas
|
0-0: Ball 1-0: Foul Ball, location: 2F Error on foul ball, E2 1-2: Ball 2-2: Foul Ball, location: 2F 2-2: Foul Ball, location: 2F 2-2: Strikes out looking
|
Batting: LHB Kyle Robbins
|
0-0: Ball 1-0: Ball 2-0: Ball 3-0: Base on Balls Mark Hendree to third Robert Blanchard to second
|
Batting: RHB Johnny Becker
|
0-0: Swinging Strike 0-1: Fly out, F9 (Flyball, 9M)
|
Top of the 7th over - 0 run(s), 2 hit(s), 1 error(s), 3 left on base; Indianapolis HS 2 - Buchanan HS 9 |
BOTTOM OF THE 7TH |
Buchanan HS batting - Pitching for Indianapolis HS Chaos : RHP David Chapman
|
Batting: SHB Ken Gibson
|
0-0: Foul Ball, location: 2F 0-1: Ball 1-1: Ball 2-1: Ball 3-1: Foul Ball, location: 2F 3-2: Foul Ball, location: 2F 3-2: Ground out 4-3 (Groundball, 4)
|
Pitching: RHP Pedro Trevino
|
|
Batting: RHB Dave Sawyer
|
0-0: Called Strike 0-1: Ball 1-1: Fly out, F4 (Popup, 3F)
|
Batting: RHB Ken Miller
|
0-0: Ball 1-0: Swinging Strike 1-1: Swinging Strike 1-2: Foul Ball, location: 2F 1-2: Ball 2-2: Ball 3-2: Foul Ball, location: 2F 3-2: Foul Ball, location: 2F 3-2: Foul Ball, location: 2F 3-2: Base on Balls
|
Batting: RHB Jason Stover
|
0-0: SINGLE (Groundball, 6MD) Ken Miller to second Throwing error, E8 Ken Miller scores Jason Stover to second
|
Batting: RHB Ryan Lyon
|
0-0: Called Strike 0-1: Foul Ball, location: 2F 0-2: Ball 1-2: Strikes out looking
|
Bottom of the 7th over - 1 run(s), 1 hit(s), 1 error(s), 1 left on base; Indianapolis HS 2 - Buchanan HS 10 |
TOP OF THE 8TH |
Indianapolis HS Chaos batting - Pitching for Buchanan HS : LHP Paul Hart
|
Now at 1B: Manny Kennedy
|
|
Now in CF: Andrew Lockhart
|
|
Batting: RHB Jesús Lima
|
0-0: Called Strike 0-1: SINGLE (Line Drive, 7LS)
|
Batting: RHB Curt David
|
0-0: Ball 1-0: Called Strike 1-1: SINGLE (Line Drive, 4D) Jesús Lima to second Runner from 2nd tries for 3rd, SAFE, throw made to third
|
Batting: RHB Patrice Charette
|
0-0: Ball 1-0: Foul Ball, location: 2F 1-1: SINGLE (Line Drive, 89S) Jesús Lima scores Curt David to second
|
Batting: SHB Mark Hendree
|
0-0: Called Strike 0-1: Ball 1-1: Ball 2-1: Swinging Strike 2-2: DOUBLE (Line Drive, 78D) Curt David scores Patrice Charette to third
|
Batting: RHB Zander von Strantz
|
0-0: Ball 1-0: Ball 2-0: SINGLE (Groundball, 6MD) Patrice Charette scores Mark Hendree to third
|
Pitching: RHP Ramón Rivera
|
|
Batting: RHB Robert Blanchard
|
0-0: Swinging Strike 0-1: Called Strike 0-2: Foul Ball, location: 2F 0-2: Strikes out looking
|
Batting: LHB Robert Lucas
|
0-0: Ball 1-0: Ball 2-0: Called Strike 2-1: Ball 3-1: Base on Balls Zander von Strantz to second
|
Pitching: RHP Pierre Breton
|
|
Batting: LHB Kyle Robbins
|
0-0: Swinging Strike 0-1: Swinging Strike 0-2: Ball 1-2: Ball 2-2: Strikes out swinging
|
Batting: RHB Johnny Becker
|
0-0: Called Strike 0-1: Ball 1-1: SINGLE (Line Drive, 8LS) Mark Hendree scores Zander von Strantz to third Robert Lucas to second
|
Batting: RHB Jesús Lima
|
0-0: Called Strike 0-1: Ground out 1-3 (Groundball, 13)
|
Top of the 8th over - 4 run(s), 6 hit(s), 0 error(s), 3 left on base; Indianapolis HS 6 - Buchanan HS 10 |
BOTTOM OF THE 8TH |
Buchanan HS batting - Pitching for Indianapolis HS Chaos : RHP Pedro Trevino
|
Batting: RHB Allen Miller
|
0-0: SINGLE (Flyball, 89S)
|
Batting: RHB Eugene Logan
|
0-0: Fly out, F1 (Popup, 15S)
|
Batting: RHB Michael Elliott
|
0-0: Called Strike Allen Miller steals 2nd base 0-1: SINGLE (Flyball, 78S) Allen Miller to third Runner from 3rd tries for Home, SAFE, no throw or cutoff
|
Batting: RHB Ernie Ross
|
0-0: DOUBLE (Line Drive, 9LM) Michael Elliott to third
|
Batting: SHB Ken Gibson
|
0-0: Ball 1-0: Ball 2-0: Ball 3-0: Base on Balls
|
Batting: RHB Dave Sawyer
|
0-0: Called Strike 0-1: Foul Ball, location: 2F 0-2: Fly out, F8 (Flyball, 8LM) Runner from 3rd tags up, SCORES, throw made
|
Batting: LHB Andrew Lockhart
|
0-0: Called Strike 0-1: Ball 1-1: Called Strike 1-2: Ball 2-2: Ball 3-2: Foul Ball, location: 2F 3-2: Strikes out swinging
|
Bottom of the 8th over - 2 run(s), 3 hit(s), 0 error(s), 2 left on base; Indianapolis HS 6 - Buchanan HS 12 |
TOP OF THE 9TH |
Indianapolis HS Chaos batting - Pitching for Buchanan HS : RHP Pierre Breton
|
Batting: RHB Curt David
|
0-0: Ball 1-0: SINGLE (Line Drive, 89M)
|
Batting: RHB Patrice Charette
|
0-0: Ball 1-0: Ball 2-0: Ball 3-0: Called Strike 3-1: Swinging Strike 3-2: Base on Balls Curt David to second
|
Batting: SHB Mark Hendree
|
0-0: Called Strike 0-1: Called Strike 0-2: Ball 1-2: Strikes out swinging
|
Batting: RHB Zander von Strantz
|
0-0: Foul Ball, location: 2F 0-1: Foul Ball, location: 2F 0-2: Strikes out swinging
|
Batting: RHB Robert Blanchard
|
0-0: Ball 1-0: Fielders Choice at 2nd, U6 (Groundball, 6M)
|
Top of the 9th over - 0 run(s), 1 hit(s), 0 error(s), 2 left on base; Indianapolis HS 6 - Buchanan HS 12 |
|